 Dungeon Crawl Stone Soup version 0.21.1-1-g345015f (webtiles) character file.

552 iamserjio the Ducker (level 7, 0/44 HPs)
             Began as an Octopode Monk on Apr 7, 2018.
             Was a Believer of Dithmenos.
             Succumbed to a killer bee's poison
             ... on level 4 of the Dungeon.
             The game lasted 00:11:42 (3365 turns).

iamserjio the Ducker (Octopode Monk)                Turns: 3365, Time: 00:11:42

Health: 0/44       AC:  1    Str: 15    XL:     7   Next: 29%
Magic:  7/7        EV: 18    Int: 12    God:    Dithmenos [**....]
Gold:   42         SH:  0    Dex: 19    Spells: 6/6 levels left

rFire    . . .     SeeInvis .   j - +0 dagger (freeze)
rCold    . . .     Gourm    .   (no shield)
rNeg     . . .     Faith    .   (helmet restricted)
rPois    .         Spirit   .   (no amulet)
rElec    .         Reflect  .   (no ring)
rCorr    .         Harm     .   (no ring)
MR       .....                  (no ring)
Stlth    +++++.....             (no ring)
HPRegen  0.14/turn              (no ring)
MPRegen  0.10/turn              (no ring)
                                (no ring)
                                (no ring)

@: mighty, lethally poisoned (0 -> -12), wreathed by umbra
A: almost no armour, stealthy swim, amphibious, 8 rings, constrict 8, camouflage
1, agile 1, frail 1, inhibited regeneration, gelatinous body 1
a: Shadow Step, Renounce Religion


You were on level 4 of the Dungeon.
You worshipped Dithmenos.
Dithmenos was pleased with you.
You were hungry.

You visited 2 branches of the dungeon, and saw 6 of its levels.

You collected 268 gold pieces.
You spent 226 gold pieces at shops.

Inventory:

Hand Weapons
 a - a +0 short sword
 j - a +0 dagger of freezing (weapon)
 o - a +0 rapier
Magical Staves
 r - an uncursed staff of conjuration
Wands
 v - a wand of acid (11)
Scrolls
 c - a scroll of noise {unknown}
 d - 2 scrolls of identify {unknown}
 e - 5 scrolls of remove curse
 f - 2 scrolls of enchant weapon {unknown}
 g - a scroll of magic mapping {unknown}
 h - 3 scrolls of teleportation {unknown}
 l - 3 scrolls of fog {unknown}
 n - 3 scrolls of fear {unknown}
 q - 2 scrolls of enchant armour {unknown}
 s - 2 scrolls of amnesia {unknown}
 u - a scroll of vulnerability {unknown}
Potions
 i - a potion of agility {unknown}
 k - a potion of heal wounds {unknown}
 m - a potion of invisibility
 p - a potion of might
 t - a potion of mutation
Comestibles
 b - 12 rations


   Skills:
 + Level 4.8 Fighting
 - Level 3.1 Short Blades
 * Level 6.0 Dodging
 + Level 5.9 Stealth


You had 6 spell levels left.
You didn't know any spells.

Dungeon Overview and Level Annotations

Branches:
Dungeon (5/15)             Temple (1/1) D:4

Altars:
Cheibriados
Dithmenos
Elyvilon
Fedhas
Gozag
Nemelex Xobeh
Yredelemnul

Shops:
D:4 *


Innate Abilities, Weirdness & Mutations

You cannot wear most types of armour.
You are very stealthy in the water. (Stealth+)
You are amphibious.
You can wear up to eight rings at the same time.
You can use your tentacles to constrict eight enemies at once.
Your skin changes colour to match your surroundings (Stealth+).
Your rubbery body absorbs attacks. (AC +1, EV +1)
You are agile. (Dex +2)
You are frail. (-10% HP)
You do not regenerate when monsters are visible.


Message History

The killer bee misses you.
You release your grip on the killer bee.
The killer bee stings you.
* * * LOW HITPOINT WARNING * * *
You are more poisoned.
The killer bee poisons you!
You hit the killer bee. You freeze the killer bee.
You kill the killer bee!
Dithmenos accepts your kill.
Your Dodging skill increases to level 6!
* * * LOW HITPOINT WARNING * * *
You feel sick.
It was a potion of might.
You feel very mighty all of a sudden.
* * * LOW HITPOINT WARNING * * *
You feel sick.
Okay, then.
It was a potion of mutation.
You feel extremely strange.
Your regeneration stops near monsters.
You feel frail.
You feel agile.
You die...

## # ##### #####
#...# #...###
#...# ##.....#
#...# ##.......
#.><######....)...
#@................
#....#####........
#.................
#...######........
##### ##.....).
##...... ######.
#. ####.


There were no monsters in sight!

Vanquished Creatures
  A phantom (D:4)
  A scorpion (D:4)
  2 killer bees
  An orc priest (D:5)
  A hound (D:3)
  An orc wizard (D:5)
  Terence (D:1)
  Natasha (twice) (D:4)
  2 worker ants (D:4)
  Robin (D:2)
  4 adders
  An ooze (D:1)
  2 adder skeletons (D:4)
  2 dart slugs
  2 leopard geckos (D:3)
  3 orcs (D:3)
  2 ball pythons
  2 giant cockroaches
  11 goblins
  11 hobgoblins
  3 jackals (D:1)
  3 kobolds
  4 bats
  2 frilled lizards
  2 rats (D:3)
67 creatures vanquished.

Notes
Turn   | Place    | Note
-------+----------+-------------------------------------------
     0 | D:1      | iamserjio the Octopode Monk began the quest for the Orb.
     0 | D:1      | Reached XP level 1. HP: 16/16 MP: 1/1
    37 | D:1      | Reached XP level 2. HP: 21/21 MP: 2/2
   621 | D:2      | Noticed Terence
   626 | D:2      | Noticed Robin
   644 | D:1      | Killed Terence
   644 | D:1      | Reached XP level 3. HP: 17/26 MP: 3/3
  1071 | D:2      | Reached XP level 4. HP: 31/31 MP: 4/4
  1376 | D:2      | Killed Robin
  1376 | D:2      | Reached skill level 4 in Dodging
  1546 | D:2      | Found a blossoming altar of Fedhas.
  1931 | D:3      | Reached XP level 5. HP: 31/37 MP: 5/5
  2188 | D:3      | Found a white marble altar of Elyvilon.
  2316 | D:4      | Reached XP level 6. HP: 31/43 MP: 6/6
  2430 | D:4      | Noticed a phantom
  2439 | D:4      | Reached skill level 5 in Dodging
  2487 | D:4      | Killed a phantom
  2487 | D:4      | Reached skill level 5 in Stealth
  2825 | D:4      | Found Nytuikage's Assorted Antiques.
  2885 | D:4      | Found a staircase to the Ecumenical Temple.
  2891 | Temple   | Entered the Ecumenical Temple
  2900 | Temple   | Became a worshipper of Dithmenos the Shadowed
  2900 | Temple   | Reached * piety under Dithmenos
  2900 | Temple   | Reached ** piety under Dithmenos
  2959 | D:4      | Noticed Natasha
  2968 | D:4      | Killed Natasha
  3089 | D:4      | Noticed Natasha
  3100 | D:4      | Killed Natasha
  3171 | D:4      | Bought a viscous green potion for 26 gold pieces
  3171 | D:4      | Bought a viscous green potion for 26 gold pieces
  3171 | D:4      | Bought a scroll labeled HUTUECV JEAGOA for 29 gold pieces
  3171 | D:4      | Bought a glowing bone wand for 116 gold pieces
  3171 | D:4      | Bought a scroll labeled NISHYA IMESOIRPH for 29 gold pieces
  3188 | D:5      | Entered Level 5 of the Dungeon
  3329 | D:5      | Reached XP level 7. HP: 49/49 MP: 7/7
  3363 | D:4      | Reached skill level 6 in Dodging
  3363 | D:4      | HP: 2/49 [poisoned by a killer bee]
  3365 | D:4      | Gained mutation: You do not regenerate when monsters are visible. [potion of mutation]
  3365 | D:4      | Gained mutation: You are frail. (-10% HP) [potion of mutation]
  3365 | D:4      | Gained mutation: You are agile. (Dex +2) [potion of mutation]
  3365 | D:4      | Succumbed to a killer bee's poison

Skill      XL: |  1  2  3  4  5  6  7 |
---------------+----------------------+-----
Stealth        | 3 4 5 |  5.9
Dodging        | 4 5 6 |  6.0
Fighting       | 4 |  4.8
Short Blades   | |  3.1

Action                   |  1- 3 |  4- 6 |  7- 9 || total
-------------------------+-------+-------+-------++-------
Melee: Short sword       |    58 |       |       ||    58
       Constrict         |    17 |    25 |     3 ||    45
       Tentacles         |     9 |    25 |     1 ||    35
       Rapier            |     1 |    97 |       ||    98
       Dagger            |       |     3 |    16 ||    19
  Use: Scroll            |       |     1 |       ||     1
       Potion            |       |       |     2 ||     2
 Stab: Sleeping          |     4 |     7 |       ||    11
       Distracted        |       |     1 |       ||     1
  Eat: Chunk             |       |     7 |       ||     7
Armor: Skin              |     4 |     5 |     2 ||    11
Dodge: Dodged            |    28 |    55 |    23 ||   106
